Map: [ESL] Crimson Court

Players

Serral - Winner!

  • Race: Zerg Zerg
  • Spawn Location: 1:00

Maru

  • Race: Terran Terran
  • Spawn Location: 7:00

Event: ESL Spring 2024 Finals

VOD

Have the link to the VOD?

Description

Time

  • Played on: June 2, 2024, 4:34 p.m.
  • Length: 8:30

All games in this series

Show
View Real Time Build Order
Export as new Build Order

Serral Zerg - Winner!

Build Orders: Hatch First 

Get SALT Encoding   

  12  0:00  Drone  
  13  0:08  Drone  
  14  0:14  Extractor  
  14  0:15  Drone  
  15  0:37  Hatchery  
  15  0:42  Drone, Extractor  
  14  0:48  Overlord  
  15  1:02  Spawning Pool  
  14  1:06  Drone  
  14  1:09  Drone  
  16  1:13  Drone  
  16  1:17  Drone  
  18  1:28  Drone  
  19  1:39  Drone  
  20  1:49  Queen x2  
  20  1:51  Drone  
  20  1:52  Overlord  
  25  2:01  Drone x2  
  27  2:10  Drone  
  28  2:16  Drone  
  28  2:21  Drone x2  
  31  2:26  Queen  
  31  2:28  Spore Crawler, Queen  
  33  2:32  Drone  
  33  2:33  Overlord  
  35  2:44  Drone  
  35  2:47  Hatchery  
  35  2:49  Drone  
  35  2:50  Extractor  
  35  2:54  Drone x2  
  37  2:59  Drone x2  
  37  3:00  Drone  
  37  3:04  Drone x2  
  42  3:07  Drone  
  42  3:08  Drone  
  42  3:11  Overlord  
  44  3:17  Overlord  
  44  3:22  Roach Warren  
  44  3:23  Drone  
  44  3:24  Extractor  
  43  3:30  Drone x4  
  47  3:35  Drone x2  
  47  3:38  Drone  
  50  3:43  Drone  
  50  3:47  Overlord  
  51  3:53  Overlord  
  51  3:59  Drone  
  51  4:00  Queen  
  51  4:02  Drone, Roach x3  
  61  4:03  Roach  
  61  4:05  Roach  
  61  4:07  Drone  
  61  4:08  Drone  
  67  4:11  Drone x2  
  69  4:18  Drone  
  69  4:21  Drone  
  71  4:24  Drone  
  71  4:26  Lair  
  71  4:29  Drone  
  73  4:32  Drone x7  
  73  4:34  Overlord  
  80  4:41  Overlord  
  80  4:43  Overlord, Roach  
  82  4:47  Overlord, Extractor  
  82  4:48  Extractor  
  82  4:51  Extractor  
  79  4:56  Roach  
  79  4:58  Overlord  
  81  5:01  Roach  
  81  5:02  Drone x3  
  81  5:04  Drone x6  
  81  5:06  Overlord  
  92  5:14  Overlord  
  92  5:15  Evolution Chamber  
  92  5:16  Evolution Chamber, Roach  
  92  5:18  Roach  
  94  5:25  Overseer, Glial Reconstitution  
  94  5:27  Drone x4  
  100  5:28  Roach  
  100  5:29  Extractor  
  100  5:31  Roach  
  100  5:35  Hatchery, Overlord  
  100  5:38  Roach  
  100  5:41  Roach x6  
  114  5:44  Drone  
  114  5:47  Zerg Ground Armor Level 1, Zerg Missile Weapons Level 1  
  114  5:49  Overlord  
  115  5:52  Overlord  
  115  5:59  Hatchery  
  114  6:06  Overlord x2  
  114  6:07  Roach  
  114  6:08  Roach x2  
  114  6:10  Drone  
  121  6:13  Overseer  
  121  6:14  Overlord  
  121  6:15  Drone x3  
  121  6:17  Drone  
  127  6:18  Roach  
  127  6:20  Roach  
  129  6:26  Roach x4  
  129  6:29  Ravager  
  129  6:30  Ravager x2  
  144  6:32  Roach  
  144  6:33  Roach x2  
  144  6:38  Overlord  
  146  6:41  Roach  
  146  6:42  Roach  
  146  6:44  Unknown, Nydus Network  
  148  6:50  Roach x5  
  148  6:51  Roach  
  148  6:56  Roach  
  148  6:57  Roach x2  
  154  7:04  Roach x4  
  162  7:10  Overlord  
  162  7:11  Roach  
  162  7:13  Ravager  
  162  7:14  Roach  
  162  7:15  Roach  
  167  7:21  Nydus Canal  
  167  7:22  Roach x3  
  173  7:26  Ravager x3  
  173  7:28  Roach x4  
  184  7:32  Overlord  
  184  7:40  Roach x5  
  184  7:43  Overseer  
  192  7:48  Roach x2  
  178  7:51  Roach  
  178  7:52  Roach x4  
  186  7:58  Roach x6  
  186  8:07  Ravager  
  186  8:08  Zergling x16  
Show
View Real Time Build Order
Export as new Build Order

Maru Terran 

Build Orders: Reaper Expand 

Get SALT Encoding   

  12  0:00  SCV  
  13  0:12  SCV  
  14  0:17  Supply Depot  
  14  0:24  SCV  
  15  0:39  SCV  
  15  0:40  Barracks  
  16  0:44  Refinery  
  16  0:51  SCV  
  17  1:03  SCV  
  18  1:15  SCV  
  19  1:27  Orbital Command, Reaper  
  20  1:37  Command Center  
  20  1:46  Supply Depot  
  20  1:52  SCV  
  21  1:59  Marine  
  22  2:05  SCV  
  23  2:15  Command Center  
  23  2:17  Marine  
  24  2:24  SCV  
  25  2:32  Barracks  
  25  2:36  SCV  
  26  2:37  Barracks Reactor  
  26  2:48  SCV  
  26  2:49  Orbital Command  
  27  2:58  Barracks  
  27  3:00  SCV  
  28  3:12  SCV  
  29  3:15  SCV, Marine x2  
  29  3:19  Barracks Tech Lab  
  32  3:24  SCV  
  33  3:27  Orbital Command, SCV  
  33  3:33  Marine x2  
  36  3:36  SCV  
  36  3:37  Marine, Stimpack  
  36  3:39  SCV  
  39  3:50  Barracks Reactor  
  39  3:51  SCV x2, Marine x2  
  39  3:53  SCV  
  39  3:55  Marine  
  45  3:56  Supply Depot, Refinery  
  45  4:01  Refinery  
  45  4:03  SCV x2  
  45  4:08  SCV  
  45  4:09  Marine x2  
  50  4:12  Engineering Bay x2  
  50  4:13  Marine  
  50  4:15  SCV  
  52  4:20  SCV, Factory  
  53  4:26  Orbital Command, Marine x4  
  53  4:30  Marine  
  58  4:33  SCV x2  
  58  4:36  Supply Depot  
  60  4:39  Terran Infantry Weapons Level 1, Terran Infantry Armor Level 1  
  60  4:44  Marine x2  
  60  4:45  SCV x2, Marine x2  
  63  4:51  Supply Depot, Refinery  
  63  4:52  SCV  
  67  4:57  SCV x2  
  67  4:59  Marine  
  69  5:01  Supply Depot  
  69  5:02  Marine  
  69  5:04  SCV  
  69  5:05  Starport, Factory Reactor  
  72  5:09  SCV  
  72  5:10  SCV  
  74  5:16  SCV  
  74  5:17  Supply Depot  
  74  5:18  Marine  
  74  5:19  Combat Shield  
  74  5:20  Marine  
  77  5:21  SCV  
  77  5:22  SCV  
  77  5:27  Barracks  
  79  5:30  SCV  
  79  5:31  Barracks  
  79  5:34  SCV  
  79  5:35  SCV  
  82  5:37  Marine  
  82  5:40  Supply Depot  
  84  5:42  SCV  
  84  5:46  SCV  
  84  5:47  SCV  
  84  5:48  Supply Depot  
  86  5:50  Factory Tech Lab  
  86  5:51  Armory  
  86  5:54  Medivac x2  
  86  5:55  SCV  
  86  5:56  Marine x2  
  93  5:58  SCV  
  93  6:00  SCV  
  95  6:06  Supply Depot  
  95  6:07  SCV  
  95  6:10  Siege Tank, Marine, SCV  
  95  6:11  Marine x2  
  103  6:13  SCV  
  103  6:14  Marine  
  103  6:18  Barracks Tech Lab, Barracks Reactor  
  105  6:19  SCV  
  105  6:24  Medivac x2  
  110  6:25  SCV  
  110  6:26  SCV  
  110  6:27  Refinery  
  110  6:28  Refinery  
  112  6:33  Command Center  
  112  6:34  SCV  
  112  6:37  Supply Depot  
  112  6:38  SCV x2, Marine x2  
  117  6:46  SCV  
  118  6:50  SCV  
  118  6:51  SCV  
  113  6:55  Marine x2  
  113  6:56  Siege Tank, Marine x2, Marauder x2  
  113  6:59  Marine x2  
  113  7:01  Supply Depot, SCV  
  127  7:02  SCV  
  127  7:03  SCV  
  129  7:13  Marine  
  129  7:14  Factory  
  129  7:16  Marine  
  129  7:17  Marine x3  
  133  7:23  SCV, Marine  
  133  7:24  Supply Depot  
  133  7:25  Marine, Medivac  
  133  7:26  Marine  
  133  7:29  Siege Tank  
  141  7:35  Marine  
  141  7:36  Marine x2  
  141  7:38  SCV  
  141  7:40  SCV  
  141  7:42  Marine  
  141  7:48  Marine x2  
  141  7:50  SCV  
  127  7:52  SCV  
  107  8:00  Marine  
  107  8:02  SCV  
  107  8:04  SCV  
  98  8:06  Marauder  
  98  8:08  Marine x4  
  98  8:09  Marine  
  107  8:14  SCV  
  107  8:16  SCV  
Tags
 
Add a new tag
Caveats
  • Supply blocks, unpowered buildings, or Contaminate may cause inaccurate times.
  • Supply counts are checked every 10 seconds.